 Dungeon Crawl Stone Soup version 0.28.0-49-g6dfe1f597d (webtiles) character file.

Game seed: 6399631118314823861

149 Zeld the Chiller (level 5, -6/38 HPs)
             Began as a Ghoul Ice Elementalist on May 13, 2022.
             Mangled by a phantom (9 damage)
             ... on level 4 of the Dungeon.
             The game lasted 00:05:30 (4102 turns).

Zeld the Chiller (Ghoul Ice Elementalist)           Turns: 4102, Time: 00:05:30

Health: -6/38      AC:  2    Str: 12    XL:     5   Next: 31%
Magic:  5/8        EV: 12    Int: 12    God:
Gold:   122        SH:  0    Dex:  9    Spells: 3/10 levels left

rFire   . . .      SeeInvis .   j - +2 dagger (freeze)
rCold   + . .      Faith    .   (no shield)
rNeg    + + +      Spirit   .   a - +0 robe
rPois   ∞          Reflect  .   (no helmet)
rElec   .          Harm     .   (no cloak)
rCorr   .          Rampage  .   (no gloves)
Will    .....                   (no boots)
Stlth   ++........              q - amulet of magic regeneration
HPRegen 0.00/turn               (no ring)
MPRegen 0.51/turn               (no ring)

@: very slightly contaminated, inhibited regen
A: claws 1, cold resistance 1, negative energy resistance 3, inhibited
regeneration, torment resistance 2
a: no special abilities


You were on level 4 of the Dungeon.
You visited 1 branch of the dungeon, and saw 4 of its levels.

You collected 122 gold pieces.

Inventory:

Hand Weapons
 j - a +2 dagger of freezing (weapon)
Armour
 a - a +0 robe (worn)
Jewellery
 q - an amulet of magic regeneration (around neck)
Scrolls
 d - 3 scrolls of immolation {unknown}
 e - a scroll of enchant weapon {unknown}
 f - a scroll of enchant armour {unknown}
 g - a scroll of summoning {unknown}
 h - a scroll of blinking {unknown}
 i - a scroll of identify {unknown}
 l - a scroll of acquirement {unknown}
 m - 2 scrolls of torment {unknown}
 o - a scroll of fog {unknown}
Potions
 b - a potion of ambrosia {unknown}
 c - 2 potions of curing {unknown}
 k - a potion of haste
 n - a potion of heal wounds {unknown}
 p - a potion of flight {unknown}
 r - a potion of attraction {unknown}


   Skills:
 + Level 2.6 Dodging
 - Level 2.1 Stealth
 * Level 3.1 Spellcasting
 * Level 5.6 Ice Magic


You had 3 spell levels left.
You knew the following spells:

 Your Spells              Type           Power      Damage    Failure   Level
a - Freeze                Ice            60%        1d8       2%          1
b - Frozen Ramparts       Ice            30%        1d5       8%          3
c - Ozocubu's Armour      Ice            15%        N/A       8%          3

Your spell library contained the following spells:

 Spells                   Type           Power      Damage    Failure   Level
 Slow                     Hex            4%         N/A       24%         1
 Confusing Touch          Hex            1%         N/A       58%         3
 Vampiric Draining        Necr           1%         2d6       58%         3
 Hailstorm                Conj/Ice       8%         3d4       58%         4


Dungeon Overview and Level Annotations

Branches:
Dungeon (4/15)
 Temple: D:4-7

Altars:

Annotations:
D:3 Grinder
D:4 Dowan, Duvessa


Innate Abilities, Weirdness & Mutations

You thrive by killing the living.
You are immune to poison.
You have sharp fingernails.
Your flesh is cold resistant. (rC+)
You are immune to negative energy. (rN+++)
You do not regenerate when monsters are visible.
You are immune to unholy pain and torment.


Message History

Found 17 gold pieces and a mace.
You now have 122 gold pieces (gained 17).
You start resting.
A phantom comes into view.
You completely miss the phantom. The phantom barely misses you.
The phantom hits you. The phantom barely misses you. The phantom hits you.
The phantom barely misses you. The phantom misses you.
There is an open door here.
You aren't carrying any items that you can evoke.
Unknown command.
Found a stone staircase leading down.
An orc comes into view. It is wielding a +0 hand axe.
You hear the rapid rusting of a very distant drain.
The orc moves out of view.
The orc hits you with a +0 hand axe.
* * * LOW HITPOINT WARNING * * *
You closely miss the orc. The phantom barely misses you.
The orc hits you with a +0 hand axe!
* * * LOW HITPOINT WARNING * * *
Unknown command.
Casting: Freeze (safe; 2% risk of failure)
Confirm with . or Enter, or press ? or * to list all spells.
Casting: Frozen Ramparts (dangerous; 8% risk of failure)
Press: ? - help, Dir - look around, f - activate You miscast Frozen Ramparts.
You are very lightly contaminated with residual magic.
Nothing appears to happen.
The phantom misses you. The orc closely misses you.
Unknown command.
Casting: Frozen Ramparts (dangerous; 8% risk of failure)
Confirm with . or Enter, or press ? or * to list all spells.
Aiming: Freeze (safe; 2% risk of failure)
Press: ? - help, Shift-Dir - straight line, f - orc
Aim: an orc, wielding a +0 hand axe You freeze the orc!
You kill the orc!
The phantom hits you!
You die...

#. #.# #.. ##### #.. #...# ..##
#...# ..# #...# #)## #...# #@.# #
# # #####...# ##W#.# #.#. #
....#...###### ##.#.###.... #
....#...##... #...........## #
....#...##.# #.............## #
...........#####.#..###.......###
...........'.....#.># #..........
...........#######..# #........##
...........# ..# #..........


You could see a phantom.

Vanquished Creatures
  An orc wizard (D:4)
  4 gnolls
  3 adders
  An adder skeleton (D:3)
  A worm (D:3)
  A dart slug (D:3)
  4 orcs (D:4)
  5 bats
  7 endoplasms
  2 giant cockroaches
  5 goblins
  2 hobgoblins
  3 jackals (D:1)
  2 quokkas (D:1)
  A frilled lizard (D:2)
  7 kobolds
  3 rats
52 creatures vanquished.

Vanquished Creatures (others)
  A plant (D:2)
1 creature vanquished.

Grand Total: 53 creatures vanquished

Notes
Turn   | Place    | Note
-------+----------+-------------------------------------------
     0 | D:1      | Zeld the Ghoul Ice Elementalist began the quest for the
                  | Orb.
     0 | D:1      | Reached XP level 1. HP: 14/14 MP: 2/2
   388 | D:1      | Found a faded altar of an unknown god.
   393 | D:1      | Reached XP level 2. HP: 20/20 MP: 2/4
  1245 | D:2      | Reached XP level 3. HP: 23/26 MP: 0/5
  1249 | D:2      | Learned a level 3 spell: Frozen Ramparts
  2101 | D:3      | Reached skill level 5 in Ice Magic
  2294 | D:3      | Learned a level 3 spell: Ozocubu's Armour
  2297 | D:3      | Reached XP level 4. HP: 25/33 MP: 6/6
  3214 | D:3      | Noticed Grinder
  3422 | D:4      | Noticed Duvessa
  3422 | D:4      | Noticed Dowan
  3640 | D:4      | Reached XP level 5. HP: 38/38 MP: 8/8
  3687 | D:4      | Noticed a centaur
  4030 | D:3      | Paralysed by Grinder for 3 turns
  4037 | D:3      | Paralysed by Grinder for 4 turns
  4054 | D:4      | Noticed a phantom
  4102 | D:4      | Mangled by a phantom

Illustrated notes

Levels and vault maps discovered:
D:1:      minmay_arrival_wavy_path, layout_basic,
          hellmonk_ecumenical_altar_dog_temple
D:2:      kennysheep_six_static_rooms, layout_loops_ring, serial_forest,
          infiniplex_forest_clump_diagonal, infiniplex_forest_lined_room_3,
          infiniplex_forest_lined_room_3, infiniplex_forest_side_room,
          infiniplex_forest_straight_3, infiniplex_forest_zigzag_1,
          infiniplex_forest_end_2
D:3:      layout_basic, corner_web_ring, grunt_ministairs_14, solitary_fountain,
          kennysheep_jessica_study, uniq_grinder
D:4:      layout_basic, cheibrodos_sewer_entry_bend, minmay_distorted,
          uniq_duvessa

Skill      XL: |  1  2  3  4 |
---------------+-------------+-----
Spellcasting   | 2 3 |  3.1
Dodging        | 2 |  2.6
Ice Magic      | 5 |  5.6
Stealth        | |  2.1

Action                   |  1- 3 |  4- 6 || total
-------------------------+-------+-------++-------
Melee: Unarmed           |    27 |       ||    27
       Dagger            |    40 |    15 ||    55
       Punch             |     1 |     1 ||     2
 Cast: Freeze            |    27 |    15 ||    42
       Frozen Ramparts   |       |     3 ||     3
 Stab: Sleeping          |     6 |     1 ||     7
Armor: Robe              |    16 |     5 ||    21
Dodge: Dodged            |    56 |    36 ||    92
